AoeStats
← McQuin007

Arena

506359385Analyzed
4v4 RM · 19d ago on Sep 13, 2026· 66m 59s· 8 players
Game mode
Random Map
Map size
Large (8 player)
Population
200
Speed
Normal
Resources
Standard
Victory
Conquest
Starting age
Dark Age
Ending age
Imperial Age
RankedLock teamsTeams togetherTeam positionsShared explorationLock speedFull tech treeHidden civsTurbo modeCheats
Victory
Defeat
🇺🇸 Huns · United States
1245
+14
🇮🇳 Lithuanians · India
1235
+14
🇨🇳 Portuguese · China
1223
+15
🇯🇵 Spanish · Japan
1210
+15
🇩🇪 Poles · Germany
1229
-15
🇱🇾 Berbers · Libya
1209
-15
🇨🇭 Italians · Switzerland
1186
-14
🇨🇭 Spanish · Switzerland
1171
-14
fear the lamb
11:10 Feudal Age
12:03 Double-Bit Axe
16:00 Castle Age
14:10 Stone Mining
15:46 Horse Collar
17:35 Heavy Plow
23:29 Fletching
26:00 Wheelbarrow
26:48 Gold Mining
27:36 Ballistics
27:36 Bodkin Arrow
28:24 Stone Shaft Mining
29:29 Hand Cart
31:48 Imperial Age
29:50 Padded Archer Armor
30:56 Leather Archer Armor
30:28 Crossbowman
31:16 Thumb Ring
32:43 Bracer
33:14 Ring Archer Armor
33:47 Chemistry
33:22 Crop Rotation
33:25 Conscription
33:34 Conscription
34:34 Bow Saw
34:13 Elite Genoese Crossbowman
35:54 Silk Road
35:38 Arbalester
43:39 Two-Man Saw
46:39 Caravan
49:33 Forging
49:23 Scale Mail Armor
48:48 Pikeman
49:29 Squires
49:16 Arson
52:54 Chain Mail Armor
53:15 Iron Casting
54:31 Plate Mail Armor
60:16 Capped Ram
60:51 Pikeman
McQuin007
9:04 Loom
11:38 Feudal Age
14:07 Double-Bit Axe
14:05 Horse Collar
16:30 Castle Age
14:52 Gold Mining
16:25 Bloodlines
17:35 Heavy Plow
22:36 Padded Archer Armor
24:37 Wheelbarrow
25:11 Bow Saw
27:31 Hand Cart
27:25 Stone Mining
30:20 Stone Shaft Mining
31:53 Leather Archer Armor
31:43 Scale Barding Armor
31:49 Forging
35:10 Imperial Age
32:52 Fletching
33:53 Husbandry
33:26 Elite Skirmisher
34:15 Thumb Ring
36:09 Iron Casting
35:55 Chain Barding Armor
36:08 Masonry
Chloroxid
10:18 Feudal Age
12:44 Loom
15:31 Castle Age
13:32 Double-Bit Axe
14:05 Horse Collar
17:30 Bow Saw
17:54 Fervor
21:46 Sanctity
22:37 Wheelbarrow
29:13 Imperial Age
27:23 Hand Cart
26:55 Town Watch
27:18 Scale Barding Armor
28:23 Chain Barding Armor
28:14 Forging
28:31 Heavy Plow
28:26 Gold Mining
28:30 Stone Mining
29:29 Bloodlines
29:20 Husbandry
29:16 Cavalier
30:33 Iron Casting
30:25 Masonry
30:07 Fletching
30:16 Cavalier
31:30 Caravan
32:41 Blast Furnace
32:00 Szlachta Privileges
32:17 Conscription
32:52 Treadmill Crane
32:56 Pikeman
33:37 Squires
33:38 Scale Mail Armor
33:16 Light Cavalry
36:38 Chain Mail Armor
36:49 Ballistics
37:30 Chemistry
52:54 Hoardings
52:32 Fortified Wall
boxe
11:38 Feudal Age
17:39 Castle Age
15:58 Double-Bit Axe
15:55 Horse Collar
17:51 Wheelbarrow
19:54 Hand Cart
20:41 Loom
22:22 Fletching
27:52 Bodkin Arrow
28:27 Heavy Plow
33:44 Imperial Age
32:14 Kasbah
32:55 Ballistics
32:37 Husbandry
32:47 Padded Archer Armor
33:16 Gold Mining
33:16 Stone Mining
33:46 Bloodlines
34:35 Leather Archer Armor
34:23 Treadmill Crane
36:23 Chemistry
35:29 Siege Engineers
36:00 Conscription
36:23 Stone Shaft Mining
36:24 Gold Shaft Mining
36:32 Bracer
37:02 Ring Archer Armor
36:58 Scale Barding Armor
37:26 Forging
36:37 Heavy Camel Rider
38:37 Maghrebi Camels
38:08 Elite Camel Archer
40:00 Chain Barding Armor
41:40 Plate Barding Armor
42:26 Iron Casting
42:20 Fortified Wall
42:20 Masonry
42:49 Murder Holes
46:26 Thumb Ring
45:42 Elite Genitour
47:08 Bow Saw
50:34 Light Cavalry
54:43 Caravan
55:32 Onager
57:15 Hoardings
64:38 Hussar
65:26 Elite Skirmisher
RiGhT
9:13 Feudal Age
13:20 Castle Age
11:38 Double-Bit Axe
12:39 Horse Collar
21:29 Bow Saw
21:19 Heavy Plow
27:00 Loom
27:59 Wheelbarrow
30:42 Imperial Age
28:23 Gold Mining
29:04 Bloodlines
28:54 Husbandry
29:09 Scale Barding Armor
29:20 Forging
29:32 Stone Mining
30:27 Chain Barding Armor
30:49 Hand Cart
31:22 Ballistics
30:45 Treadmill Crane
30:53 Cavalier
32:12 Plate Barding Armor
32:13 Iron Casting
32:20 Paladin
32:53 Town Watch
34:24 Fletching
34:50 Fortified Wall
35:41 Chemistry
37:05 Stone Shaft Mining
36:36 Bodkin Arrow
38:10 Bracer
39:21 Light Cavalry
41:10 Guilds
41:31 Coinage
41:26 Conscription
41:08 Tower Shields
41:57 Winged Hussar
43:16 Hoardings
51:51 Hill Forts
52:19 Careening
52:30 Ballistics
52:08 Murder Holes
54:34 Padded Archer Armor
55:40 Two-Man Saw
60:21 Elite Skirmisher
61:07 Thumb Ring
65:59 Leather Archer Armor
67:12 Ring Archer Armor
67:00 Caravan
66:43 Capped Ram
Romwar
2:54 Loom
10:02 Feudal Age
14:28 Castle Age
13:07 Double-Bit Axe
19:27 Horse Collar
21:16 Wheelbarrow
21:07 Town Watch
21:56 Gold Mining
23:08 Bow Saw
23:12 Heavy Plow
24:12 Fletching
24:40 Bloodlines
25:55 Gold Shaft Mining
30:27 Imperial Age
27:51 Stone Mining
29:31 Husbandry
28:54 Light Cavalry
30:10 Forging
30:05 Scale Barding Armor
30:50 Hand Cart
31:16 Iron Casting
30:30 Elite Tarkan
31:39 Marauders
32:20 Chain Barding Armor
33:51 Plate Barding Armor
35:28 Blast Furnace
41:03 Bodkin Arrow
41:08 Padded Archer Armor
41:30 Ballistics
42:11 Chemistry
41:49 Heavy Cavalry Archer
45:11 Parthian Tactics
44:52 Thumb Ring
44:16 Hussar
48:20 Caravan
48:51 Coinage
48:32 Guilds
61:22 Banking
65:36 Murder Holes
ababa
10:11 Feudal Age
14:28 Castle Age
13:15 Double-Bit Axe
14:12 Horse Collar
14:20 Loom
25:13 Bow Saw
25:43 Wheelbarrow
25:09 Heavy Plow
25:46 Gold Mining
27:31 Hand Cart
27:16 Stone Mining
33:44 Imperial Age
33:56 Imperial Age
32:23 Stone Shaft Mining
32:31 Fortified Wall
36:30 Two-Man Saw
35:35 Padded Archer Armor
35:50 Squires
35:55 Scale Mail Armor
36:06 Forging
38:06 Fletching
46:16 Fletching
46:41 Leather Archer Armor
46:06 Elite Skirmisher
47:15 Bodkin Arrow
49:44 Conscription
50:45 Ring Archer Armor
52:27 Pikeman
52:53 Gambesons
52:54 Arson
54:49 Chemistry
54:09 Ballistics
53:52 Bracer
lumos
10:10 Feudal Age
11:31 Loom
14:22 Castle Age
12:24 Horse Collar
12:58 Double-Bit Axe
18:55 Bow Saw
19:05 Bow Saw
19:20 Sanctity
22:36 Stone Mining
23:14 Gold Mining
24:29 Wheelbarrow
28:15 Imperial Age
26:34 Masonry
26:39 Heavy Plow
27:13 Fletching
28:03 Hand Cart
28:12 Circumnavigation
28:22 Padded Archer Armor
29:56 Chemistry
29:57 Bodkin Arrow
30:24 Ballistics
32:17 Block Printing
33:13 Siege Engineers
33:38 Bracer
33:54 Leather Archer Armor
34:05 Murder Holes
35:11 Stone Shaft Mining
35:35 Elite Skirmisher
36:49 Ring Archer Armor
36:50 Conscription
37:28 Arquebus
38:10 Elite Organ Gun
42:56 Scale Mail Armor
43:06 Forging
43:26 Fortified Wall
43:18 Pikeman
43:45 Arson
44:17 Chain Mail Armor
43:50 Town Watch
44:43 Halberdier
46:42 Two-Man Saw
46:15 Plate Mail Armor
46:21 Iron Casting
54:54 Blast Furnace
55:22 Caravan
55:53 Coinage
63:14 Scale Barding Armor
66:01 Chain Barding Armor
66:05 Bloodlines
65:56 Husbandry
66:15 Husbandry
65:59 Light Cavalry
Connection lost

Rejoining the realm…

Still unreachable

The connection could not be restored.

Session expired

The server has moved on; the page needs a fresh start.